 Dungeon Crawl Stone Soup version 0.31.0-32-g396128a36d (webtiles) character file.

Game seed: 6811421240689968167

54 DildoBatman the Conjurer (level 4, -2/32 HPs)
             Began as a Formicid Conjurer on Mar 12, 2024.
             Slain by a hobgoblin (3 damage)
             ... on level 2 of the Dungeon.
             The game lasted 00:03:23 (1784 turns).

DildoBatman the Conjurer (Formicid Conjurer)        Turns: 1784, Time: 00:03:23

Health: -2/32      AC:  2    Str: 12    XL:     4   Next: 12%
Magic:  5/7        EV:  9    Int: 19    God:
Gold:   70         SH:  0    Dex: 12    Spells: 5/8 levels left

rFire   . . .        l - +0 sling
rCold   + . .        (no shield)
rNeg    . . .        a - +0 robe
rPois   .            (helmet unavailable)
rElec   .            (no cloak)
rCorr   .            (no gloves)
SInv    +            (no boots)
Will    .....        (no amulet)
Stlth   ++           p - ring of protection from cold
HPRegen 0.25/turn    (no ring)
MPRegen 0.10/turn

%: no passive effects
@: constricted
A: permanent stasis, dig shafts and tunnels, antennae 3, four strong arms
a: Dig, Shaft Self


You were on level 2 of the Dungeon.
You visited 1 branch of the dungeon, and saw 2 of its levels.

You collected 70 gold pieces.

Inventory:

Hand Weapons
 c - a +0 mace
 l - a +0 sling (weapon)
 n - a +0 orcbow
Missiles
 f - 2 poisoned darts
 h - 15 stones
Armour
 a - a +0 robe (worn)
Jewellery
 p - a ring of protection from cold (left hand)
Scrolls
 e - a scroll of acquirement {unknown}
 i - 3 scrolls of identify {unknown}
 j - a scroll of silence {unknown}
 m - 2 scrolls of revelation {unknown}
 o - a scroll of noise {unknown}
Potions
 b - a potion of magic
 d - 2 potions of curing {unknown}
 g - a potion of haste {unknown}
 k - 2 potions of enlightenment {unknown}
 q - a potion of cancellation {unknown}


   Skills:
 + Level 1.1 Fighting
 + Level 1.1 Armour
 + Level 2.2 Dodging
 + Level 3.1 Stealth
 + Level 2.6 Spellcasting
 + Level 3.8 Conjurations


You had 5 spell levels left.
You knew the following spells:

 Your Spells              Type           Power      Damage    Failure   Level
a - Searing Ray           Conj           34%        2d5       4%          2
c - Magic Dart            Conj           68%        1d6       3%          1

Your spell library contained the following spells:

 Spells                   Type           Power      Damage    Failure   Level
 Tukima's Dance           Hex            2%         N/A       43%         3
 Fulminant Prism          Conj/Alch      4%         3d5       56%         4
 Iskenderun's Mystic Bla  Conj/Tloc      9%         2d4       56%         4
 Dimensional Bullseye     Hex/Tloc       1%         N/A       85%         4
 Malign Gateway           Summ/Tloc      1%         N/A       100%        7
 Summon Horrible Things   Summ           1%         N/A       100%        8


Dungeon Overview and Level Annotations

Branches:
Dungeon (2/15)

Altars:


Innate Abilities, Weirdness & Mutations

You cannot be hasted, slowed, berserked, paralysed or teleported.
You can dig through walls and to a lower floor.
You have a pair of large antennae on your head. (SInv)
Your four strong arms can wield two-handed weapons with a shield.


Message History

The ball python bites you. The ball python constricts you.
The hobgoblin closely misses you. The rat completely misses you.
The ball python bites you. The ball python constricts you.
What are your orders? t - Shout!
Orders for allies: a - Attack new target. r - Retreat! s - Stop attacking. g - Guard the area. f - Follow me.
Anything else - Cancel.
You shout for attention!
The ball python closely misses you. The ball python constricts you.
The rat bites you. The hobgoblin misses you. What are your orders? t - Shout!
Orders for allies: a - Attack new target. r - Retreat! s - Stop attacking. g - Guard the area. f - Follow me.
Anything else - Cancel.
You shout for attention!
The ball python bites you. The ball python constricts you.
The rat barely misses you. The hobgoblin barely misses you.
What are your orders? t - Shout!
Orders for allies: a - Attack new target. r - Retreat! s - Stop attacking. g - Guard the area. f - Follow me.
Anything else - Cancel.
You shout for attention!
The ball python bites you. The ball python constricts you.
The rat bites you but does no damage. The hobgoblin hits you.
You die...

#.†####.#.#
#..........
##...#####.
##.....##
##.......## ,#
###.........##.#
.'.........'...
###.........##.#
##....@g.## ..
##..Sr.## #
##...## ##'##
#.# { #.# #.#
... ...


You could see a hobgoblin, a ball python and a rat.

Vanquished Creatures
  An adder (D:2)
  A dart slug (D:1)
  A ribbon worm (D:2)
  A bat (D:1)
  7 endoplasms
  A giant cockroach (D:1)
  3 goblins
  8 hobgoblins
  A quokka (D:1)
  2 ball pythons (D:1)
  5 frilled lizards
  2 kobolds
  4 rats (D:1)
37 creatures vanquished.

Notes
Turn   | Place    | Note
-------+----------+-------------------------------------------
     0 | D:1      | DildoBatman the Formicid Conjurer began the quest for the
                  | Orb.
     0 | D:1      | Reached XP level 1. HP: 13/13 MP: 3/3
    97 | D:1      | Reached XP level 2. HP: 10/20 MP: 0/5
   100 | D:1      | Learned a level 2 spell: Searing Ray
   524 | D:1      | Reached XP level 3. HP: 25/25 MP: 2/6
  1243 | D:2      | Reached skill level 1 in Armour
  1331 | D:2      | Reached skill level 1 in Fighting
  1740 | D:2      | Reached XP level 4. HP: 29/32 MP: 0/7
  1784 | D:2      | HP: 1/32 [ball python (3)]
  1784 | D:2      | Slain by a hobgoblin

Illustrated notes

Levels and vault maps discovered:
D:1:      amcnicky_arrival_choice, layout_basic, minmay_octomino_j4
D:2:      layout_loops_corners, corexii_leaking_fountain,
          uniq_crazy_yiuf_cottage

Skill      XL: |  1  2  3 |
---------------+----------+-----
Dodging        | 2 |  2.2
Stealth        | 3 |  3.1
Armour         | 1 |  1.1
Fighting       | 1 |  1.1
Spellcasting   | |  2.6
Conjurations   | |  3.8

Action                     |  1- 3 |  4- 6 || total
---------------------------+-------+-------++-------
  Melee: Mace              |    12 |       ||    12
   Fire: Sling             |    33 |       ||    33
   Cast: Magic Dart        |    46 |       ||    46
         Searing Ray       |     1 |       ||     1
   Stab: Sleeping          |     1 |       ||     1
 Armour: Robe              |    14 |    25 ||    39
  Dodge: Dodged            |    11 |    16 ||    27
